Cogmind - Beta 13 *** ADVENTURER MODE // 2024.07.23 @ 01:32:12 Player: CheeseWheeler Result: Destroyed by H-55 Commando with Gauss Rifle Performance ------------- Evolutions (2) 1000 Regions Visited (4) 800 Robots Destroyed (26) 130 Value Destroyed (479) 479 Prototype IDs (0) 0 Alien Tech Used (0) 0 Bonus (0) 0 TOTAL SCORE: 2409 Bonus ------- None Cogmind --------- Core Integrity 0/550 Matter 215/300 Energy 87/100 System Corruption 15% Temperature Cool (9) Movement Core (800) Ox15 Location -8/Materials Parts ------- > --- POWER (2) -------- (None) > --- PROPULSION (2) --- (None) > --- UTILITY (4) ------ High-capacity Storage Unit > --- WEAPON (3) ------- Heavy Particle Cannon > --- INVENTORY (20) --- Light Ion Engine Light Treads Heat Sink Improved Sensor Array Improved Sensor Array Improved Sensor Array Heavy Particle Cannon Heavy Assault Rifle Heavy Assault Rifle Peak State ------------ > --- POWER ------------ Improved Ion Engine > --- PROPULSION ------- Compact Wheel Compact Wheel > --- UTILITY ---------- High-capacity Storage Unit Large Matter Pod Improved Sensor Array > --- WEAPON ----------- Heavy Particle Cannon Assault Rifle Assault Rifle > --- INVENTORY -------- Ion Engine Light Ion Engine Light Ion Engine Light Ion Engine Light Treads Light Treads Wheel Wheel Wheel Heat Sink Heat Sink Improved Sensor Array Improved Sensor Array Improved Sensor Array Particle Cannon Heavy Particle Cannon Heavy Assault Rifle Heavy Assault Rifle Rocket Launcher [Rating: 17] Favorites ----------- Power Light Ion Engine Engine Light Ion Engine Propulsion Compact Wheel Treads Light Treads Wheel Compact Wheel Utility High-capacity Storage Unit Device Improved Sensor Array Storage High-capacity Storage Unit Protection Hardened Medium Armor Plating Weapon Assault Rifle Energy Gun EM Pulse Gun Energy Cannon Heavy Particle Cannon Ballistic Gun Assault Rifle Launcher Rocket Launcher Special Weapon Plasma Flamer Build | -11 -10 -9 -9 -8 ------- Run | Yrd Mat Mat Min Mat Slots Evolved 4 | . . 2 . 2 Power 1 | . . . . 1 Propulsion . | . . . . . Utility 2 | . . 1 . 1 Weapon 1 | . . 1 . . Parts Attached 29 | 6 2 6 2 13 Power 4 | 1 . 1 1 1 Engine 4 | 1 . 1 1 1 Core . | . . . . . Reactor . | . . . . . Propulsion 6 | 2 . . . 4 Treads 1 | . . . . 1 Leg . | . . . . . Wheel 5 | 2 . . . 3 Hover . | . . . . . Flight . | . . . . . Utility 6 | 1 2 2 . 1 Device 2 | . . 1 . 1 Storage 3 | 1 2 . . . Processor . | . . . . . Hackware . | . . . . . Protection 1 | . . 1 . . Artifact . | . . . . . Weapon 13 | 2 . 3 1 7 Energy Gun 1 | 1 . . . . Energy Cannon 3 | . . 1 . 2 Ballistic Gun 6 | 1 . 2 . 3 Ballistic Cannon . | . . . . . Launcher 2 | . . . 1 1 Special Weapon 1 | . . . . 1 Impact Weapon . | . . . . . Slashing Weapon . | . . . . . Piercing Weapon . | . . . . . Special Melee Weapon . | . . . . . Unidentified Prototypes . | . . . . . Parts Lost 17 | . . 1 1 15 Power 3 | . . . 1 2 Propulsion 6 | . . . . 6 Utility 3 | . . . . 3 Weapon 5 | . . 1 . 4 Highest Loss Streak 9 | . . 1 1 9 To Critical Strikes 1 | . . . . 1 Average Slot Usage (%) 88 | . 88 98 100 47 Engine 10 | . 14 10 11 7 Wheel 20 | . 28 22 22 5 Device 7 | . . 9 11 6 Storage 19 | . 17 22 22 12 Energy Gun 3 | . 14 1 . . Energy Cannon 4 | . . 8 4 1 Ballistic Gun 18 | . 14 22 22 7 Launcher 1 | . . . 6 3 Naked Turns . | . . . . . Heaviest Build 65 | 12 50 60 61 65 Greatest Support 32 | 32 32 32 32 20 Greatest Overweight (x) 16 | . 1 1 1 16 Average Overweight (x) 1 | . . 1 1 3 Largest Inventory Capacity 20 | 8 20 20 20 20 Average Capacity 18 | 7 17 20 20 20 Most Carried 20 | 4 9 19 20 17 Average Carried 12 | 1 5 12 18 13 Final Capacity 20 | 8 20 20 20 20 Final Carried 19 | 4 8 19 17 9 Class Distribution -------------------- 62% | Skirmisher 30% | Mutant 6% | Gunner Dominant Class ---------------- Mutant | -10/Materials Skirmisher | -9/Materials Skirmisher | -9/Mines Mutant | -8/Materials Resources | -11 -10 -9 -9 -8 ----------- Run | Yrd Mat Mat Min Mat Matter Collected 712 | 230 123 298 45 16 Remotely . | . . . . . Salvage Created 610 | . 236 315 48 11 Parts 62 | . 24 33 4 1 Haulers Intercepted . | . . . . . Recyclers Shooed . | . . . . . Parts Field Recycled . | . . . . . Retrieved Matter . | . . . . . Parts Self-Destructed . | . . . . . Prevented . | . . . . . Kills | -11 -10 -9 -9 -8 ------- Run | Yrd Mat Mat Min Mat Combat Hostiles Destroyed 22 | . 9 10 3 . Guns 20 | . 9 8 3 . Cannons 1 | . . 1 . . Classes Destroyed 6 | . 2 3 . 1 Tunneler 2 | . . 2 . . Operator 1 | . . . . 1 Watcher 1 | . . 1 . . Swarmer 15 | . 6 6 3 . Grunt 5 | . 3 2 . . Sentry 2 | . . 2 . . Best Kill Streak 6 | . 6 4 3 1 Combat Bots Only 6 | . 6 4 3 . Max Kills in Single Turn 2 | . 2 1 1 1 Gunslinging 1 | . 1 . . . Exploded . | . . . . . Melee . | . . . . . Uniques/NPCs Destroyed . | . . . . . Combat | -11 -10 -9 -9 -8 -------- Run | Yrd Mat Mat Min Mat Hostile Shots Fired 224 | . 30 47 11 136 Missed 53 | . 13 14 4 22 Damage Taken 2039 | . 147 287 37 1568 Core 647 | . 24 63 4 556 Absorbed by Shields . | . . . . . Ignored by Resistances 598 | . 46 86 14 452 Core Remaining (%) 91 | 100 90 . 83 . Volleys Fired 47 | . 16 19 5 7 Largest 3 | . 2 3 3 3 Hottest 115 | . 60 115 115 108 Shots Fired 117 | . 32 57 15 13 Gun 93 | . 32 43 10 8 Cannon 21 | . . 14 5 2 Launcher 3 | . . . . 3 Special . | . . . . . Kinetic 76 | . 16 42 10 8 Thermal 21 | . . 14 5 2 Explosive 3 | . . . . 3 Electromagnetic 17 | . 16 1 . . Robot Hit Streak 11 | . 11 11 7 4 Robot Miss Streak 2 | . 2 2 2 1 Penetration Max . | . . . . . Secondary Targets 4 | . 2 2 . . Max Gunslinging Chain 1 | . 1 1 . . Shots Hit Robots 75 | . 26 35 8 6 Core Hits 35 | . 13 16 3 3 Critical Kills 1 | . . 1 . . Critical Parts Destroyed . | . . . . . Critical Strikes 2 | . 1 1 . . Meltdown 1 | . . 1 . . Corrupt 1 | . 1 . . . Melee Attacks . | . . . . . Impact . | . . . . . Slashing . | . . . . . Piercing . | . . . . . Sneak Attacks . | . . . . . Combat Hostiles . | . . . . . Follow-up Attacks . | . . . . . Damage Inflicted 1198 | . 310 569 128 191 Guns 820 | . 310 344 78 88 Cannons 275 | . . 225 50 . Explosions 103 | . . . . 103 Melee . | . . . . . Ramming . | . . . . . Kinetic 675 | . 165 344 78 88 Thermal 275 | . . 225 50 . Explosive 103 | . . . . 103 Electromagnetic 145 | . 145 . . . Impact . | . . . . . Slashing . | . . . . . Piercing . | . . . . . Highest Corruption 15 | . . . . 15 Average Corruption 11 | . . . . 11 Corruption Purged . | . . . . . Corruption Blocked . | . . . . . Effects 6 | . . . . 6 Message Errors 2 | . . . . 2 Energy Discharges 1 | . . . . 1 Data Loss (minor) 1 | . . . . 1 Data Loss (major) 1 | . . . . 1 Weapon Failures 1 | . . . . 1 Overload Shots . | . . . . . Overflow Damage 14 | . . 5 . 9 Projectiles 5 | . . 5 . . Explosions 9 | . . . . 9 Melee . | . . . . . Knockbacks . | . . . . . Impact . | . . . . . Kinetic . | . . . . . Secondary . | . . . . . Self-Inflicted Damage 52 | . . . . 52 Shots 2 | . . . . 2 Rammed . | . . . . . Targets Rammed . | . . . . . Kicked . | . . . . . Crushed . | . . . . . Highest Temperature 205 | . 60 205 159 66 Average Temperature 55 | . 28 69 85 21 Received Heat Transfer 1146 | . 84 99 . 963 Siege Activations . | . . . . . Robots Corrupted . | . . . . . Combat Hostiles . | . . . . . Parts Fried . | . . . . . Impact Corruptions . | . . . . . Robots Melted 1 | . . 1 . . Combat Hostiles 1 | . . 1 . . Parts Melted 2 | . . 2 . . Heat Transferred 407 | . . 333 74 . Parts Sabotaged . | . . . . . Parts Stolen . | . . . . . Parts Stripped . | . . . . . Power Chain Reactions . | . . . . . Alert | -11 -10 -9 -9 -8 ------- Run | Yrd Mat Mat Min Mat Peak Influence 329 | . 234 329 130 64 Initial 84 | . . 84 67 42 Average 128 | . 117 188 116 25 Maximum Alert Level 1 | . 1 1 . . Low Security (%) 70 | 100 66 46 100 100 Level 1 29 | . 33 53 . . Level 2 . | . . . . . Level 3 . | . . . . . Level 4 . | . . . . . Level 5 . | . . . . . High Security . | . . . . . Max Security . | . . . . . Squads Dispatched 2 | . . 1 . 1 Investigation . | . . . . . Extermination . | . . . . . Reinforcement 2 | . . 1 . 1 Assault . | . . . . . Garrison . | . . . . . Intercept . | . . . . . Searches Triggered . | . . . . . Construction Impeded 1 | . . . . 1 Haulers Reinforced . | . . . . . Active Scanning Responses . | . . . . . Cargo Convoy Interrupts . | . . . . . Stealth | -11 -10 -9 -9 -8 --------- Run | Yrd Mat Mat Min Mat Distress Signals . | . . . . . Communications Jammed . | . . . . . Distress Signals . | . . . . . Times Spotted 37 | . 11 17 3 6 Peak Tracking Total 6 | . 4 6 3 4 Tactical Retreats 1 | . . . . 1 Traps | -11 -10 -9 -9 -8 ------- Run | Yrd Mat Mat Min Mat Traps Triggered 1 | . . 1 . . Indirectly . | . . . . . Trap Hack Attempts . | . . . . . Triggered . | . . . . . Disarmed . | . . . . . Reprogrammed . | . . . . . Reused . | . . . . . Traps Extracted . | . . . . . Installed . | . . . . . Triggered . | . . . . . Machines | -11 -10 -9 -9 -8 ---------- Run | Yrd Mat Mat Min Mat Machines Disabled 1 | . 1 . . . Max in Single Turn 1 | . 1 . . . Machines Repaired . | . . . . . Machines Dismantled . | . . . . . Machines Sabotaged . | . . . . . Overloaded Fab Kills . | . . . . . Hacking | -11 -10 -9 -9 -8 --------- Run | Yrd Mat Mat Min Mat Machines Accessed 1 | . . 1 . . Terminals 1 | . . 1 . . Fabricators . | . . . . . Repair Stations . | . . . . . Recycling Units . | . . . . . Scanalyzers . | . . . . . Garrison Access . | . . . . . Total Hacks 1 | . . 1 . . Successful 1 | . . 1 . . Failed . | . . . . . Catastrophic . | . . . . . Database Lockouts . | . . . . . Manual . | . . . . . Terminals 1 | . . 1 . . Fabricators . | . . . . . Repair Stations . | . . . . . Recycling Units . | . . . . . Scanalyzers . | . . . . . Garrison Access . | . . . . . Terminal Hacks 1 | . . 1 . . Recall Assault 1 | . . 1 . . Fabricator Hacks . | . . . . . Repair Station Hacks . | . . . . . Recycling Unit Hacks . | . . . . . Scanalyzer . | . . . . . Garrison Access Hacks . | . . . . . Unauthorized Hacks . | . . . . . Terminals . | . . . . . Fabricators . | . . . . . Repair Stations . | . . . . . Recycling Units . | . . . . . Scanalyzers . | . . . . . Garrison Access . | . . . . . Data Cores Recovered 1 | . . . . 1 Used . | . . . . . Hacking Detections . | . . . . . Full Trace Events . | . . . . . Feedback Events . | . . . . . Feedback Blocked . | . . . . . Robot Schematics Acquired . | . . . . . Robots Built . | . . . . . Authchips . | . . . . . Time . | . . . . . Total Robot Build Rating . | . . . . . Part Schematics Acquired . | . . . . . Parts Built . | . . . . . Authchips . | . . . . . Time . | . . . . . Total Part Build Rating . | . . . . . Parts Repaired . | . . . . . Time . | . . . . . Parts Recycled . | . . . . . Recycled Matter . | . . . . . Retrieved Matter . | . . . . . Retrieved Components . | . . . . . Parts Scanalyzed . | . . . . . Part Schematics Acquired . | . . . . . Parts Damaged . | . . . . . Bothacking | -11 -10 -9 -9 -8 ------------ Run | Yrd Mat Mat Min Mat Used RIF Installer . | . . . . . Robots Hacked . | . . . . . Non-combat . | . . . . . Combat . | . . . . . Robot Hacks Applied . | . . . . . Relay Couplers Released . | . . . . . Fabnet Peak Effective % . | . . . . . Robots Rewired . | . . . . . Allies Hacked . | . . . . . Hacks Repelled . | . . . . . Allies | -11 -10 -9 -9 -8 -------- Run | Yrd Mat Mat Min Mat Total Allies . | . . . . . Largest Group . | . . . . . Highest-Rated Group . | . . . . . Highest-Rated Ally . | . . . . . Total Orders . | . . . . . Ally Attacks . | . . . . . Total Damage . | . . . . . Kills . | . . . . . Allies Corrupted . | . . . . . Allies Melted . | . . . . . Intel | -11 -10 -9 -9 -8 ------- Run | Yrd Mat Mat Min Mat Robot Analysis Total . | . . . . . Derelict Logs Recovered 1 | . . . 1 . Drone Launches . | . . . . . Drone Recoveries . | . . . . . Exploration | -11 -10 -9 -9 -8 ------------- Run | Yrd Mat Mat Min Mat Turns Passed 1130 | 65 206 503 183 173 Spaces Moved 716 | 47 135 361 122 51 Core 4 | 2 . . . 2 Treads 18 | . . . . 18 Legs . | . . . . . Wheels 694 | 45 135 361 122 31 Hover . | . . . . . Flight . | . . . . . Fastest Speed 50 | 50 100 115 115 110 Average Speed 120 | 97 112 115 115 212 Slowest Speed 850 | 100 115 115 115 850 Overloaded Moves . | . . . . . Propulsion Burnouts . | . . . . . Robots Hopped . | . . . . . Cave-ins Triggered . | . . . . . Exploration Rate (%) 24 | 3 39 33 37 8 Regions Visited 4 Branch Regions 1 Pre-discovered Areas . | . . . . . Known Exits Taken . | . . . . . Unknown Exits Taken 4 | 1 1 1 1 . Scrap Searched 2 | . . . 2 . Spaces Dug . | . . . . . Terrain Destroyed 37 | . . 4 3 30 Melee . | . . . . . Projectile 9 | . . 4 3 2 AOE 28 | . . . . 28 Terrain Rammed . | . . . . . Walls Destroyed . | . . . . . Machines Disabled . | . . . . . Actions | -11 -10 -9 -9 -8 --------- Run | Yrd Mat Mat Min Mat Total 901 | 66 158 410 156 111 Wait 59 | 4 . . 20 35 Move 712 | 46 134 360 121 51 Hop . | . . . . . Pick Up 36 | 10 5 18 3 . Fast Attach . | . . . . . Attach 29 | 6 2 6 2 13 Detach 10 | . 1 3 1 5 Swap . | . . . . . Drop 8 | . . 4 4 . Fire 47 | . 16 19 5 7 Melee . | . . . . . Ram . | . . . . . Kick . | . . . . . Crush . | . . . . . Escape Stasis . | . . . . . Rewire . | . . . . . Trap . | . . . . . Miscellaneous . | . . . . . Route ------- -11/Scrapyard -10/Materials (discovered 2 exits: *Mat x2) -9/Materials -9/Mines (discovered 2 exits: [*Mat] / [*Zio]) -8/Materials (discovered 1 exit: Fac) History --------- Turn | Location | Event 7 | -11/Scrapyard | Discovered new exit (range 15) 66 | -11/Scrapyard | Entered Materials 166 | -10/Materials | Discovered new exit (range 8) 245 | -10/Materials | Discovered new exit (range 5) 272 | -10/Materials | Entered another Materials area 272 | -9/Materials | Evolved 2 slots: Utility x1, Weapon x1 648 | -9/Materials | Build established: Skirmisher 760 | -9/Materials | Discovered new exit (range 12) 775 | -9/Materials | Entered Mines 797 | -9/Mines | A Derelict revealed a hidden shortcut to a safe place 809 | -9/Mines | Received a Rocket Launcher from a helpful Derelict 884 | -9/Mines | Learned 2 Materials zone layouts 911 | -9/Mines | A weapon hastily lodged in a ceiling crevice suddenly fell to the ground 946 | -9/Mines | Discovered new exit (range 12) 958 | -9/Mines | Entered Materials 958 | -8/Materials | Evolved 2 slots: Power x1, Utility x1 959 | -8/Materials | Identified exit to Factory 1048 | -8/Materials | System corruption reached 10% 1070 | -8/Materials | Core integrity fell below 50% 1078 | -8/Materials | Lost 9 parts (2p4n3u) 1110 | -8/Materials | Core integrity fell below 20% 1131 | -8/Materials | Destroyed by H-55 Commando with Gauss Rifle Last Messages --------------- K-01 Serf collects debris. Knocked back. Critical hit (Burn: +37). M-13 Machinist destroyed. K-01 Serf collects debris. System corrupted: Substantial component data lost. ALERT: Construction progress impeded, dispatching reinforcements to local area. K-01 Serf collects debris. Knocked back. Rocket Launcher destroyed. U-05 Engineer lays Concrete. U-05 Engineer builds a Wall. The unstable cave ceiling collapses. Plasma Flamer destroyed. U-05 Engineer builds a Door. Slug penetrates Wall. U-05 Engineer builds a Door. Slug penetrates Door. Map ----- +----------------------------------------------------+ | ??????????????????????"""" #?????????? | | ??????????????????????? ###???????? | | ????????????????######### ## #???????? | | ????????????????# // #???????? | | ????????????????+ / #???????? | | ????????????????# = #???????? | | ?????????????????## # # ##???????? | | ??????????????????# ! [[]# ##????????? | | ??????????????????# [[]####?????????? | | ??????????????????# [[]#????????????? | | ??????????????????# #????????????? | | ??????????????????# #????????????? | | ??????????????????# " " #????????????? | | ??????????????????# "R" #####????????? | | ??????????????????# """ # ????????? | | ??????????????????# # ????????? | | ??????????????????# + ????????? | | ??????????????????#+# # ???????? | | ????????????????????# # "T"????????? | | ????????????????????+ ; ""?????????? | | ????????????????????#####u ##????????? | | ?????????????????????# %! #????????? | | ?????????????????????# #????????? | | ?????????????????????# g #????????? | | ?????????????????????# #????????? | | ?????????????????????# @ ###??????? | | ?????????????????????# b #??????? | | ?????????????????????# ##??????? | | ?????????????????????# g ###???????? | | ?????????????????????#u ##????????? | | ?????????????????????##;#######?????????? | | ??????????????????????#h#???????????????? | | ??????????????????????# #???????????????? | | ??????????????????????#u########????????? | | ????????????????###+### #????????? | | ????????? #????????? | | ????????? #????????? | | ???????????#+######+## #????????? | | ?????????????????????# ! ##????????? | | ?????????????????????# #?????????? | | ?????????????????????# +?????????? | | ?????????????????????+ "T" #?????????? | | ?????????????????????#+##### #?????????? | | ???????????????????????????? #?????????? | | ???????????????????????????? #?????????? | | ???????????????????????????? #?????????? | | ????????????????????????????? #?????????? | | ??????????????????????????????#?????????? | | ????????????????????????????????????????? | | ????????????????????????????????????????? | +----------------------------------------------------+ Best States ------------- Heat Dissipation 41 Energy Generation 17 Energy Capacity 415 Matter Stores 450 Matter Capacity 450 Sight Range 16 Robot Scan Range 15 Terrain Scan Density 10 Armor Coverage 225 Resistance: KI 20 Resistance: TH 20 Resistance: EX 20 Resistance: EM 20 Resistance: I 20 Resistance: S 20 Resistance: P 20 Evasion (%) 40 Recoil Reduction 1 Offensive Hacking 10 Item Schematics ----------------- None Robot Schematics ------------------ None Fabricated ------------ Nothing Alien Tech Used ----------------- None Achievements -------------- It's Just You Challenges ------------ None Game ------ Seed MasterStructuralNanovents Manual? 0 Play Time 00:14:38 Cumulative 3.8 hours Start 2024.07.23 @ 01:16:46 End 2024.07.23 @ 01:32:12 Sessions 1 Manual Loads 0 Difficulty Adventurer Special Mode None Game No. 4 Rogue 0 Adventurer 4 Explorer 0 Win Type - Total 0 Types 0/0/0/0/0/0/0/0/0 Lore% 0 Gallery% 7 Achievement% 8 Wizard Run 0 Options --------- Layout 1 ASCII 0 Keyboard 0 Movement Mouse Keybinds 0 Fullscreen 2 Font 24/Smallcaps Map View 50x35 Zoom Use 0% Tactical HUD 0 Map Filters NONE Filters NONE Steam 1 RUN: fb9c836d-e631-42e8-86a2-c3811f908e65